SAAA
HARTFORD PRIDE @ FLORIDA MEN
08/03/2042
 
TOP OF THE 1ST
Hartford Pride batting - Pitching for Florida Men : LHP Jorge Oyas
Pitching: LHP Jorge Oyas
Batting: RHB Peer Kattenberg 0-0: Called Strike
0-1: Foul Ball, location: 2F
0-2: Ball
1-2: Strikes out looking
Batting: RHB Katsuhiko Ishihara 0-0: Called Strike
0-1: Foul Ball, location: 2F
0-2: Ball
1-2: Ball
2-2: Strikes out swinging
Batting: LHB León Castillo 0-0: Called Strike
0-1: Swinging Strike
0-2: Foul Ball, location: 2F
0-2: Ball
1-2: Ball
2-2: Foul Ball, location: 2F
2-2: Fly out, F7 (Flyball, 78S, EV 90.0 MPH)
Top of the 1st over - 0 runs, 0 hits, 0 errors, 0 left on base; Hartford 0 - Florida 0
BOTTOM OF THE 1ST
Florida Men batting - Pitching for Hartford Pride : RHP Ismael Calderón
Pitching: RHP Ismael Calderón
Batting: RHB Matsudaira Sugahara 0-0: Called Strike
0-1: Swinging Strike
0-2: Ball
1-2: Strikes out swinging
Batting: RHB Marcos Janero 0-0: Ball
1-0: Ground out 5-3 (Groundball, 56, EV 103.8 MPH)
Batting: LHB Edward Kisiner 0-0: Ball
1-0: Foul Ball, location: 2F
1-1: Ground out 4-3 (Groundball, 4, EV 106.9 MPH)
Bottom of the 1st over - 0 runs, 0 hits, 0 errors, 0 left on base; Hartford 0 - Florida 0
TOP OF THE 2ND
Hartford Pride batting - Pitching for Florida Men : LHP Jorge Oyas
Batting: RHB Emílio Agramónte 0-0: Called Strike
0-1: Ball
1-1: Ball
2-1: Ball
3-1: Fly out, F8 (Flyball, 8RM, EV 91.9 MPH)
Batting: RHB Hani Azwan 0-0: Ball
1-0: Called Strike
1-1: Called Strike
1-2: Ball
2-2: Strikes out looking
Batting: RHB Joe Aller 0-0: Ball
1-0: Foul Ball, location: 2F
1-1: Ground out U3 (Groundball, 3L, EV 79.4 MPH)
Top of the 2nd over - 0 runs, 0 hits, 0 errors, 0 left on base; Hartford 0 - Florida 0
BOTTOM OF THE 2ND
Florida Men batting - Pitching for Hartford Pride : RHP Ismael Calderón
Batting: RHB Walke Mehoff 0-0: Called Strike
0-1: Swinging Strike
0-2: Strikes out looking
Batting: RHB César Guerra 0-0: Called Strike
0-1: Ball
1-1: SINGLE (Groundball, 3D, EV 106.9 MPH)
Batting: LHB Basava Puri 0-0: Ball
1-0: Swinging Strike
1-1: Foul Ball, location: 2F
1-2: SINGLE (Groundball, 23, EV 64.4 MPH) (infield hit)
César Guerra to second
Batting: RHB Pellervo Rintanen 0-0: Ball
1-0: Ball
2-0: Ball
3-0: Base on Balls
César Guerra to third
Basava Puri to second
Batting: RHB Tristan Powell 0-0: Swinging Strike
0-1: Foul Ball, location: 2F
0-2: Fielders Choice at 2nd, 5-4 (Groundball, 56, EV 82.5 MPH)
César Guerra scores
Basava Puri to third
Batting: SHB Arend van der Veen 0-0: Ball
Tristan Powell steals 2nd base (no throw)
1-0: Called Strike
1-1: Ground out 3-1 (Groundball, 3L, EV 101.2 MPH)
Bottom of the 2nd over - 1 run, 2 hits, 0 errors, 2 left on base; Hartford 0 - Florida 1
TOP OF THE 3RD
Hartford Pride batting - Pitching for Florida Men : LHP Jorge Oyas
Batting: RHB Barend Huijbregts 0-0: Ball
1-0: Swinging Strike
1-1: Ball
2-1: Foul Ball, location: 2F
2-2: Ground out 6-3 (Groundball, 6, EV 77.5 MPH)
Batting: SHB Alvin Peterson 0-0: Called Strike
0-1: Fly out, F9 (Line Drive, 9, EV 90.6 MPH)
Batting: RHB Nathan Pruitt 0-0: Called Strike
0-1: Swinging Strike
0-2: Fly out, F9 (Flyball, 9D, EV 109.4 MPH)
Top of the 3rd over - 0 runs, 0 hits, 0 errors, 0 left on base; Hartford 0 - Florida 1
BOTTOM OF THE 3RD
Florida Men batting - Pitching for Hartford Pride : RHP Ismael Calderón
Batting: RHB Matsudaira Sugahara 0-0: Ball
1-0: Ball
2-0: Ball
3-0: Swinging Strike
3-1: Base on Balls
Batting: RHB Marcos Janero 0-0: Ball
1-0: Ball
2-0: Foul Ball, location: 2F
2-1: Called Strike
2-2: Fly out, F1 (Line Drive, P, EV 65.0 MPH)
Batting: LHB Edward Kisiner 0-0: Ball
1-0: Ball
2-0: Foul Ball, location: 2F
2-1: Fly out, F7 (Flyball, 78M, EV 83.8 MPH)
Batting: RHB Walke Mehoff 0-0: Called Strike
0-1: Called Strike
0-2: Fielders Choice at 2nd, 6-4 (Groundball, 6, EV 88.8 MPH)
Bottom of the 3rd over - 0 runs, 0 hits, 0 errors, 1 left on base; Hartford 0 - Florida 1
TOP OF THE 4TH
Hartford Pride batting - Pitching for Florida Men : LHP Jorge Oyas
Batting: RHB Peer Kattenberg 0-0: Called Strike
0-1: Foul Ball, location: 2F
0-2: Fly out, F8 (Flyball, 8LXD, EV 86.9 MPH)
Batting: RHB Katsuhiko Ishihara 0-0: Called Strike
0-1: Foul Ball, location: 2F
0-2: Foul Ball, location: 2F
0-2: Ball
1-2: Ball
2-2: Strikes out swinging
Batting: LHB León Castillo 0-0: Ball
1-0: Ground out 5-3 (Groundball, 5, EV 86.9 MPH)
Top of the 4th over - 0 runs, 0 hits, 0 errors, 0 left on base; Hartford 0 - Florida 1
BOTTOM OF THE 4TH
Florida Men batting - Pitching for Hartford Pride : RHP Ismael Calderón
Batting: RHB César Guerra 0-0: Called Strike
0-1: Ball
1-1: Foul Ball, location: 2F
1-2: Ground out 1-3 (Groundball, P, EV 76.2 MPH)
Batting: LHB Basava Puri 0-0: Foul Ball, location: 2F
0-1: Ball
1-1: SINGLE (Line Drive, 34, EV 108.1 MPH)
Batting: RHB Pellervo Rintanen 0-0: Ball
1-0: Called Strike
1-1: Foul Ball, location: 2F
1-2: Hit by Pitch
Basava Puri to second
Batting: RHB Tristan Powell 0-0: Ball
1-0: Swinging Strike
1-1: Ball
2-1: Ball
3-1: Foul Ball, location: 2F
3-2: Fielders Choice at 2nd, 6-4 (Groundball, 6, EV 89.4 MPH)
Basava Puri to third
Batting: SHB Arend van der Veen 0-0: Ball
1-0: Ball
2-0: Foul Ball, location: 2F
2-1: Ground out 3-1 (Groundball, 34, EV 90.0 MPH)
Bottom of the 4th over - 0 runs, 1 hit, 0 errors, 2 left on base; Hartford 0 - Florida 1
TOP OF THE 5TH
Hartford Pride batting - Pitching for Florida Men : LHP Jorge Oyas
Batting: RHB Emílio Agramónte 0-0: Ball
1-0: Swinging Strike
1-1: Foul Ball, location: 2F
1-2: Strikes out swinging, 2-3 out at first.
Batting: RHB Hani Azwan 0-0: Ground out 1-3 (Groundball, P, EV 80.0 MPH)
Batting: RHB Joe Aller 0-0: Ball
1-0: Foul Ball, location: 2F
1-1: Ground out 2-3 (Groundball, 13S, EV 67.5 MPH)
Top of the 5th over - 0 runs, 0 hits, 0 errors, 0 left on base; Hartford 0 - Florida 1
BOTTOM OF THE 5TH
Florida Men batting - Pitching for Hartford Pride : RHP Ismael Calderón
Batting: RHB Matsudaira Sugahara 0-0: Called Strike
0-1: Ball
1-1: Swinging Strike
1-2: Ball
2-2: Strikes out swinging
Batting: RHB Marcos Janero 0-0: Called Strike
0-1: Ball
1-1: Ball
2-1: Ball
3-1: Base on Balls
Batting: LHB Edward Kisiner 0-0: Ball
1-0: Called Strike
1-1: Ball
2-1: Swinging Strike
2-2: SINGLE (Line Drive, 9LS, EV 95.0 MPH)
Marcos Janero to second
Runner from 2nd tries for 3rd, SAFE, no throw by RF
Batting: RHB Walke Mehoff 0-0: Fly out, F8 (Flyball, 8LD, EV 91.9 MPH)
Runner from 3rd tags up, SCORES, throw by CF
Batting: RHB César Guerra 0-0: Ball
1-0: Foul Ball, location: 2F
1-1: Fielders Choice at 2nd, 6-4 (Groundball, 56, EV 81.2 MPH)
Bottom of the 5th over - 1 run, 1 hit, 0 errors, 1 left on base; Hartford 0 - Florida 2
TOP OF THE 6TH
Hartford Pride batting - Pitching for Florida Men : LHP Jorge Oyas
Batting: RHB Barend Huijbregts 0-0: Swinging Strike
0-1: Called Strike
0-2: Strikes out swinging
Batting: SHB Alvin Peterson 0-0: Foul Ball, location: 2F
0-1: Ball
1-1: Called Strike
1-2: SINGLE (Groundball, 6M, EV 79.4 MPH) (infield hit)
Batting: RHB Nathan Pruitt 0-0: Foul Ball, location: 2F
0-1: Foul Ball, location: 2F
0-2: Ball
1-2: Ball
2-2: Ball
3-2: Foul Ball, location: 2F
3-2: Strikes out swinging
Batting: RHB Peer Kattenberg 0-0: Ball
1-0: Ball
2-0: Called Strike
2-1: Fielders Choice at 2nd, 6-4 (Groundball, 6, EV 77.5 MPH)
Top of the 6th over - 0 runs, 1 hit, 0 errors, 1 left on base; Hartford 0 - Florida 2
BOTTOM OF THE 6TH
Florida Men batting - Pitching for Hartford Pride : RHP Ismael Calderón
Batting: LHB Basava Puri 0-0: Ball
1-0: Foul Ball, location: 2F
1-1: Fly out, F7 (Flyball, 7S, EV 96.2 MPH)
Batting: RHB Pellervo Rintanen 0-0: Called Strike
0-1: Called Strike
0-2: Strikes out swinging
Batting: RHB Tristan Powell 0-0: Called Strike
0-1: Ball
1-1: Swinging Strike
1-2: Ball
2-2: Foul Ball, location: 2F
2-2: Ball
3-2: Strikes out swinging
Bottom of the 6th over - 0 runs, 0 hits, 0 errors, 0 left on base; Hartford 0 - Florida 2
TOP OF THE 7TH
Hartford Pride batting - Pitching for Florida Men : LHP Jorge Oyas
Batting: RHB Katsuhiko Ishihara 0-0: Called Strike
0-1: Ball
1-1: Ball
2-1: Foul Ball, location: 2F
2-2: Foul Ball, location: 2F
2-2: Ball
3-2: Fly out, F3 (Popup, 34, EV 80.6 MPH)
Batting: LHB León Castillo 0-0: Called Strike
0-1: Swinging Strike
0-2: Ball
1-2: Strikes out swinging
Batting: RHB Emílio Agramónte 0-0: Swinging Strike
0-1: SOLO HOME RUN (Flyball, 89XD, EV 85.0 MPH), Distance : 417 ft
Batting: RHB Hani Azwan 0-0: Called Strike
0-1: SINGLE (Line Drive, 6D, EV 94.4 MPH)
Batting: RHB Joe Aller 0-0: Called Strike
0-1: Foul Ball, location: 2F
0-2: Fly out, F8 (Flyball, 78S, EV 80.6 MPH)
Top of the 7th over - 1 run, 2 hits, 0 errors, 1 left on base; Hartford 1 - Florida 2
BOTTOM OF THE 7TH
Florida Men batting - Pitching for Hartford Pride : RHP Ismael Calderón
Pitching: RHP Eduardo Flores
Batting: SHB Arend van der Veen 0-0: Called Strike
0-1: Ball
1-1: Foul Ball, location: 2F
1-2: Foul Ball, location: 2F
1-2: Strikes out swinging
Batting: RHB Matsudaira Sugahara 0-0: Called Strike
0-1: Swinging Strike
0-2: Strikes out looking
Batting: RHB Marcos Janero 0-0: Ball
1-0: Fly out, F4 (Popup, 34S, EV 72.5 MPH)
Bottom of the 7th over - 0 runs, 0 hits, 0 errors, 0 left on base; Hartford 1 - Florida 2
TOP OF THE 8TH
Hartford Pride batting - Pitching for Florida Men : LHP Jorge Oyas
Batting: RHB Barend Huijbregts 0-0: Called Strike
0-1: SINGLE (Line Drive, 9S, EV 106.2 MPH)
Batting: SHB Alvin Peterson 0-0: Ball
1-0: Ball
2-0: Sac Bunt to 3S - play at first, batter OUT! 3-4
Barend Huijbregts to second
Batting: RHB Nathan Pruitt 0-0: Called Strike
0-1: Swinging Strike
0-2: Strikes out swinging
Pitching: LHP Norberto Huerta
Batting: RHB Peer Kattenberg 0-0: Foul Ball, location: 2F
0-1: Ball
1-1: Foul Ball, location: 2F
1-2: Ground out 6-3 (Groundball, 6S, EV 93.8 MPH)
Top of the 8th over - 0 runs, 1 hit, 0 errors, 1 left on base; Hartford 1 - Florida 2
BOTTOM OF THE 8TH
Florida Men batting - Pitching for Hartford Pride : RHP Eduardo Flores
Batting: LHB Edward Kisiner 0-0: Swinging Strike
0-1: Ball
1-1: Ball
2-1: Ground out 1-3 (Groundball, 34S, EV 83.1 MPH)
Batting: RHB Walke Mehoff 0-0: Ball
1-0: Ball
2-0: Ball
3-0: Base on Balls
Batting: RHB César Guerra 0-0: Foul Ball, location: 2F
0-1: Ball
Wild Pitch!
Walke Mehoff to second
1-1: Intentional Walk
Batting: LHB Basava Puri 0-0: Ball
1-0: Called Strike
1-1: Swinging Strike
1-2: Strikes out looking
Batting: RHB Pellervo Rintanen 0-0: Fly out, F8 (Flyball, 8LM, EV 84.4 MPH)
Bottom of the 8th over - 0 runs, 0 hits, 0 errors, 2 left on base; Hartford 1 - Florida 2
TOP OF THE 9TH
Hartford Pride batting - Pitching for Florida Men : LHP Norberto Huerta
Pitching: RHP Roderick Miller
Batting: RHB Katsuhiko Ishihara 0-0: Swinging Strike
0-1: Ball
1-1: Called Strike
1-2: Foul Ball, location: 2F
1-2: Foul Ball, location: 2F
1-2: Ball
2-2: Foul Ball, location: 2F
2-2: Ball
3-2: Base on Balls
Batting: LHB León Castillo 0-0: Ball
1-0: Ball
2-0: Ball
3-0: Foul Ball, location: 2F
3-1: Fly out, F7 (Flyball, 7D, EV 101.9 MPH)
Batting: RHB Emílio Agramónte 0-0: Ball
1-0: Foul Ball, location: 2F
1-1: Called Strike
1-2: Ball
2-2: Strikes out looking
Pinch Hitting: LHB Tomás Muinos 0-0: Swinging Strike
0-1: Foul Ball, location: 2F
0-2: Ball
1-2: Strikes out swinging
Top of the 9th over - 0 runs, 0 hits, 0 errors, 1 left on base; Hartford 1 - Florida 2
Friday, March 26th, 2021 - OOTP Baseball 20.8 Build 74